 Dungeon Crawl Stone Soup version 0.25.1-8-g42b30a86e7 (webtiles) character file.

Game seed: 6258847697017142040

99950 KamiKatze the Covert (level 15, -7/76 HPs)
             Began as a Spriggan Assassin on Dec 20, 2020.
             Was the Champion of Dithmenos.
             Mangled by Agnes
             ... wielding a +0 lajatang
              (32 damage)
             ... on level 15 of the Dungeon on Dec 21, 2020.
             The game lasted 05:10:46 (46056 turns).

KamiKatze the Covert (Spriggan Assassin)           Turns: 46056, Time: 05:10:46

Health: -7/76      AC:  8    Str: 13    XL:     15   Next: 79%
Magic:  28/32      EV: 30    Int: 18    God:    Dithmenos [******]
Gold:   2364       SH:  0    Dex: 23    Spells: 16/38 levels left

rFire    . . .     SeeInvis +   a - +2 dagger (venom)
rCold    + . .     Gourm    .   (shield restricted)
rNeg     . . .     Faith    .   W - +2 troll leather armour {Snorg}
rPois    .         Spirit   .   (helmet restricted)
rElec    .         Reflect  .   c - +1 cloak
rCorr    .         Harm     .   (gloves unavailable)
MR       ++...                  (boots unavailable)
Stlth    ++++++++++             (no amulet)
HPRegen  0.62/turn              X - ring of Youthful Indiscretion {rC+ Dex+4}
MPRegen  0.23/turn              y - +6 ring of strength

@: infused, hasted, wreathed by umbra, very quick
A: very small, unfitting armour, see invisible, herbivore, speed 3, slow
metabolism 2
a: Shadow Step, Shadow Form, Renounce Religion


You were on level 15 of the Dungeon.
You worshipped Dithmenos.
Dithmenos was exalted by your worship.
You were not hungry.

You visited 4 branches of the dungeon, and saw 24 of its levels.
You also visited: Ice Cave.

You collected 2364 gold pieces.

Inventory:

Hand Weapons
 a - a +2 dagger of venom (weapon)
 b - a +2 short sword of speed
 G - a +0 rapier
Missiles
 d - 56 poisoned darts
 e - 4 curare-tipped darts (quivered)
 i - 478 stones
 v - 6 boomerangs
 O - 4 atropa-tipped darts
 R - 339 arrows
 T - 3 throwing nets
Armour
 c - a +1 cloak (worn)
 B - a scarf of resistance
 Q - +0 steam dragon scales
 W - a +2 troll leather armour (worn) {Snorg}
Jewellery
 y - a +6 ring of strength (right hand)
 D - an uncursed ring of protection from fire
 S - an uncursed ring of fire
 V - an uncursed ring of flight
 X - the ring of Youthful Indiscretion (left hand) {rC+ Dex+4}
   (You found it in an ice cave)

   [ring of protection from cold]

   It affects your dexterity (+4).
   It protects you from cold.
Wands
 p - a wand of flame (48)
 t - a wand of clouds (2)
 C - a wand of enslavement (15)
 E - a wand of polymorph (10)
 F - a wand of iceblast (7)
 H - a wand of digging (7)
 J - a wand of acid (15)
 Y - a wand of paralysis (32)
Scrolls
 g - a scroll of acquirement
 h - 3 scrolls of magic mapping
 k - 12 scrolls of teleportation
 m - 7 scrolls of identify
 o - a scroll of enchant weapon
 q - 5 scrolls of remove curse
 s - a scroll of blinking
 u - 4 scrolls of fog
 K - 2 scrolls of fear
 L - 4 scrolls of immolation
 P - a scroll of silence
 Z - 2 scrolls of enchant armour
Potions
 j - 8 potions of curing
 l - 6 potions of brilliance
 n - 5 potions of cancellation
 r - a potion of lignification
 w - 5 potions of heal wounds
 x - 2 potions of haste
 z - 2 potions of invisibility
 A - 4 potions of flight
 I - a potion of stabbing
 M - a potion of magic
 N - a potion of mutation
 U - 2 potions of ambrosia
Comestibles
 f - 22 rations


   Skills:
 + Level 7.6 Fighting
 - Level 12.0 Short Blades
 - Level 9.0 Throwing
 + Level 12.1 Dodging
 + Level 13.9 Stealth
 * Level 12.0 Spellcasting
 * Level 8.1 Conjurations
 - Level 6.0 Hexes
 - Level 6.0 Charms
 - Level 6.0 Translocations
 - Level 2.0 Fire Magic
 * Level 9.7 Earth Magic
 + Level 5.9 Invocations
 - Level 4.0 Evocations


You had 16 spell levels left.
You knew the following spells:

 Your Spells              Type           Power        Failure   Level  Hunger
a - Infusion              Chrm           ####         1%          1    None
b - Portal Projectile     Hex/Tloc       ####..       1%          3    None
d - Bolt of Magma         Conj/Fire/Erth ####......   16%         5    ####...
e - Iron Shot             Conj/Erth      #####.....   32%         6    ######.
x - Spellforged Servitor  Conj/Summ      ####......   100%        7    #######

Your spell library contained the following spells:

 Spells                   Type           Power        Failure   Level  Hunger
 Corona                   Hex            ####...      1%          1    None
 Shroud of Golubria       Chrm/Tloc      ####..       1%          2    None
 Slow                     Hex            ####....     1%          2    None
 Song of Slaying          Chrm           ####....     1%          2    None
 Spectral Weapon          Hex/Chrm       ####....     1%          3    None
 Leda's Liquefaction      Hex/Erth       #####.....   3%          4    ##.....
 Inner Flame              Hex/Fire       ####....     4%          3    None
 Ozocubu's Armour         Chrm/Ice       ###.....     7%          3    None
 Cause Fear               Hex            ####......   7%          4    ##.....
 Freeze                   Ice            ##..         9%          1    None
 Iskenderun's Battlesphe  Conj/Chrm      #####...     13%         5    ####...
 Hailstorm                Conj/Ice       ####....     16%         4    ##.....
 Frozen Ramparts          Ice            ##....       24%         3    None
 Summon Ice Beast         Ice/Summ       ##......     63%         4    ##.....
 Orb of Destruction       Conj           #####.....   94%         7    #######


Dungeon Overview and Level Annotations

Branches:
Dungeon (15/15)            Temple (1/1) D:6            Lair (6/6) D:8
  Swamp (0/4) Lair:3        Snake (0/4) Lair:2        Slime (0/5) Lair:5
    Orc (2/2) D:10            Elf (0/3) Orc:2        Vaults (0/5) D:14
  IceCv (visited)
 Depths: D:15

Altars:
Ashenzari
Cheibriados
Dithmenos
Elyvilon
Fedhas
Gozag
Hepliaklqana
Kikubaaqudgha
Makhleb
Nemelex Xobeh
Okawaru
Qazlal
Ru
Sif Muna
Trog
Uskayaw
Vehumet
Wu Jian
Xom
Yredelemnul
Zin
The Shining One
Beogh

Shops:
D:6 %   Orc:2 }?}:

Annotations:
D:10 exclusion: obsidian statue
D:11 exclusion: ice statue, Clowwww's ghost, journeyman DsFi
D:15 Agnes
Lair:4 exclusions: crocodile and 2 oklob plants
Lair:5 exclusion: 2 oklob plants
Orc:1 exclusion: orc wizard, Fannar; Jorgrun
Orc:2 exclusion: upstairs


Innate Abilities, Weirdness & Mutations

You are very small and have problems with some larger weapons.
You are too small for most types of armour.
You have supernaturally acute eyesight. (SInv)
You are a herbivore.
You cover ground extremely quickly.
You need to consume almost no food.


Message History

You throw a poisoned dart. The poisoned dart barely misses Agnes.
Throwing (i - inventory. (/) - cycle)
d - 58 poisoned darts (quivered)
Press: ? - help, Shift-Dir - straight line, f/p - Agnes
Aim: Agnes, wielding a +0 lajatang and wearing a +0 robe (heavily wounded, extremely poisoned, slow, umbra)
You throw a poisoned dart. The poisoned dart hits Agnes.
Agnes looks as sick as possible!
Agnes is heavily wounded.
Throwing (i - inventory. (/) - cycle)
d - 57 poisoned darts (quivered)
Press: ? - help, Shift-Dir - straight line, f/p - Agnes
Aim: Agnes, wielding a +0 lajatang and wearing a +0 robe (heavily wounded, extremely poisoned, slow, umbra)
You throw a poisoned dart. The poisoned dart barely misses Agnes.
Quiver which item? (- for none, * to show all) (? for menu, Esc to quit)
Quivering
e - 4 curare-tipped darts for throwing.
You hit Agnes.
Agnes looks as sick as possible!
Agnes is heavily wounded.
You hit Agnes.
Agnes looks as sick as possible!
Agnes is severely wounded.
Your shadow hits Agnes but does no damage.
Agnes hits you with a +0 lajatang!!
You die...

#+##### #§§§§§... .......
#§§§.§... .#.....
#§^§§#### ...######
###+######....# .#........
#((....)()(##.# #.####.#.
#..#####)))...# .#..⌠# .
#(.#####..##+## ...).#.##
#####i........# .#...#..
#....@######### ..#.#.#
#.....+ †....#.. ###...#
####.#.....#.....#########
#....# ..#...............#
.....####.###..########).#
.........#.....########..#
########...(........}....#
.........#...#######'#####


You could see Agnes (extremely poisoned, slow).

Vanquished Creatures
  A frost giant (IceCv)
  A stone giant (Orc:2)
  2 entropy weavers
  Snorg (Lair:5)
  Harold (Lair:2)
  A catoblepas (D:12)
  10 hydras
  Erolcha (D:13)
  5 ogre magi (Orc:2)
  2 centaur warriors (D:13)
  23 two-headed ogres
  2 death yaks
  A queen ant (Lair:4)
  Urug (Lair:2)
  Sonja (Lair:2)
  2 unseen horrors
  A necromancer (D:13)
  2 orc knights
  2 orc sorcerers
  A deep elf mage (D:14)
  3 manticores
  12 ugly things
  3 cyclopes
  3 elephants (Lair:6)
  2 torpor snails
  3 black mambas
  A centaur zombie (D:13)
  A gargoyle (D:14)
  10 komodo dragons
  11 spiny frogs
  A kobold demonologist (D:12)
  A yaktaur (D:15)
  2 rime drakes
  2 ice devils (D:14)
  A tengu conjurer (D:15)
  31 polar bears
  5 trolls
  2 tyrant leeches (Lair:3)
  5 dream sheep (Lair:6)
  7 hippogriffs
  3 raiju (Lair:6)
  16 blink frogs
  A hippogriff (shapeshifter) (D:15)
  4 slime creatures
  A shadow (D:14)
  A spriggan (Lair:1)
  3 wyverns
  3 hungry ghosts
  2 basilisks
  35 yaks
  A steam dragon (D:11)
  4 vampire mosquitoes (D:14)
  9 water moccasins
  5 nagas (Lair:2)
  14 hell hounds (Lair:6)
  6 wargs
  18 soldier ants (Lair:4)
  A two-headed ogre zombie (D:10)
  10 porcupines
  18 black bears
  2 ice beasts
  A phantom (D:11)
  A sky beast (D:14)
  14 orc warriors
  6 centaurs
  2 eyes of draining
  2 necrophages
  32 ogres
  31 wolves
  9 crocodiles
  4 big kobolds
  9 bullfrogs
  4 jellies
  5 scorpions
  6 killer bees
  A troll zombie (D:10)
  10 wights
  An electric eel (Lair:6)
  7 crimson imps
  A quasit (D:6)
  4 hounds
  7 centaur skeletons
  18 orc priests
  8 bullfrog skeletons
  Jessica (D:2)
  2 hell rats (Lair:6)
  2 iguanas
  22 orc wizards
  28 worker ants
  6 ogre zombies (D:10)
  A hound skeleton (D:11)
  A hound zombie (D:8)
  4 gnolls
  13 adders
  10 river rats
  4 shadow imps
  2 oozes
  2 adder skeletons
  3 worms
  7 leopard geckos
  71 orcs
  2 ball pythons
  2 bats
  4 giant cockroaches
  4 goblins
  5 hobgoblins
  12 jackals
  6 quokkas
  8 frilled lizards
  2 goblin skeletons (D:10)
  3 goblin zombies (D:10)
  4 hobgoblin zombies (D:10)
  26 kobolds
  An orc skeleton (D:10)
  15 orc zombies (D:10)
  7 rats
  2 fungi
789 creatures vanquished.

Vanquished Creatures (others)
  14 fungi
  18 plants
  2 withered plants (D:11)
34 creatures vanquished.

Grand Total: 823 creatures vanquished

Notes
Turn   | Place    | Note
-------+----------+-------------------------------------------
     0 | D:1      | KamiKatze the Spriggan Assassin began the quest for the
                  | Orb.
     0 | D:1      | Reached XP level 1. HP: 10/10 MP: 2/2
   222 | D:1      | Reached XP level 2. HP: 8/15 MP: 3/3
   320 | D:1      | Reached skill level 6 in Stealth
   743 | D:2      | Found an iron altar of Okawaru.
  1046 | D:2      | Reached XP level 3. HP: 14/18 MP: 4/4
  1189 | D:2      | You fall into a shaft and drop 1 floor!
  1552 | D:2      | Noticed Jessica
  1638 | D:1      | Reached XP level 4. HP: 10/23 MP: 5/5
  1823 | D:2      | Killed Jessica
  3135 | D:3      | Reached XP level 5. HP: 25/26 MP: 6/6
  3202 | D:4      | Noticed an ogre
  3757 | D:4      | Reached skill level 7 in Stealth
  3903 | D:4      | Reached XP level 6. HP: 14/32 MP: 7/7
  5110 | D:4      | Reached skill level 5 in Short Blades
  5298 | D:4      | Reached XP level 7. HP: 35/35 MP: 8/8
  5852 | D:5      | Entered Level 5 of the Dungeon
  6149 | D:5      | Reached skill level 5 in Dodging
  6466 | D:5      | Reached skill level 8 in Stealth
  7066 | D:6      | Found a staircase to the Ecumenical Temple.
  7075 | Temple   | Entered the Ecumenical Temple
  7239 | Temple   | Became a worshipper of Dithmenos the Shadowed
  7362 | D:6      | Learned a level 6 spell: Iron Shot
  7484 | D:6      | Reached XP level 8. HP: 33/40 MP: 8/10
  7622 | D:6      | Found Zazycie's Food Shoppe.
  7626 | D:6      | Reached skill level 1 in Spellcasting
  8406 | D:6      | Reached * piety under Dithmenos
  8496 | D:6      | Reached skill level 1 in Earth Magic
  9359 | D:7      | Reached skill level 1 in Conjurations
  9543 | D:7      | Reached skill level 1 in Evocations
 10506 | D:7      | Reached skill level 9 in Stealth
 10506 | D:7      | Reached XP level 9. HP: 38/45 MP: 13/13
 10579 | D:8      | Noticed a two-headed ogre
 10870 | D:8      | Identified the +7 trident of Inference {flame, *Noise Int+3
                  | Dex+4}
 10873 | D:8      | Killed a two-headed ogre
 10873 | D:8      | Reached skill level 5 in Throwing
 10947 | D:8      | Found a staircase to the Lair.
 11103 | D:9      | Reached ** piety under Dithmenos
 11463 | D:9      | Noticed a two-headed ogre
 11466 | D:9      | Killed a two-headed ogre
 11466 | D:9      | Reached XP level 10. HP: 51/51 MP: 15/17
 11595 | D:9      | Reached skill level 10 in Stealth
 12110 | D:9      | Reached skill level 1 in Invocations
 12296 | D:9      | Learned a level 5 spell: Bolt of Magma
 12316 | D:10     | Entered Level 10 of the Dungeon
 12448 | D:10     | Learned a level 1 spell: Infusion
 12457 | D:10     | Noticed an obsidian statue
 12714 | D:10     | Reached *** piety under Dithmenos
 12744 | D:10     | Noticed an unseen horror
 12755 | D:10     | Killed an unseen horror
 12755 | D:10     | Reached skill level 1 in Charms
 12936 | D:10     | Found a staircase to the Orcish Mines.
 13581 | D:10     | Reached skill level 1 in Fire Magic
 14568 | D:11     | Noticed a manticore
 14828 | Lair:1   | Entered Level 1 of the Lair of Beasts
 14828 | Lair:1   | Noticed a six-headed hydra
 14830 | Lair:1   | Killed a six-headed hydra
 14830 | Lair:1   | Reached skill level 5 in Fighting
 14830 | Lair:1   | Reached skill level 5 in Spellcasting
 14840 | Lair:1   | Noticed a spiny frog
 14850 | Lair:1   | Killed a spiny frog
 15188 | Lair:1   | Reached **** piety under Dithmenos
 15390 | Lair:1   | Noticed a spiny frog
 15629 | D:11     | Noticed an ice statue
 15631 | D:11     | Reached XP level 11. HP: 41/56 MP: 20/20
 16364 | D:11     | Noticed Clowwww's ghost (journeyman DsFi)
 16365 | D:11     | Found a runed translucent door.
 18108 | Lair:1   | Reached skill level 5 in Earth Magic
 18911 | Lair:1   | Reached skill level 11 in Stealth
 19080 | Lair:1   | Identified a scroll of acquirement
 19109 | Lair:2   | Noticed Sonja
 19112 | Lair:2   | Killed Sonja
 19283 | Lair:2   | Noticed Harold
 19308 | Lair:2   | Killed Harold
 19308 | Lair:2   | Reached skill level 5 in Charms
 19361 | Lair:2   | Noticed Urug
 19776 | Lair:2   | Learned a level 3 spell: Portal Projectile
 20279 | Lair:2   | Reached skill level 1 in Translocations
 20396 | Lair:2   | Killed Urug
 20396 | Lair:2   | Reached skill level 1 in Hexes
 20396 | Lair:2   | Reached XP level 12. HP: 21/60 MP: 23/23
 20788 | Lair:2   | Found a staircase to the Snake Pit.
 21854 | Lair:3   | Noticed a death yak
 21857 | Lair:3   | Killed a death yak
 22373 | Lair:3   | Found a staircase to the Swamp.
 22449 | Lair:3   | Reached skill level 5 in Conjurations
 22615 | Lair:3   | Got a dazzling hunting sling
 22631 | Lair:3   | Identified the +6 hunting sling of Broken Luck {vorpal,
                  | Fragile rC- MP+9 Int+6} (You found it on level 3 of the
                  | Lair of Beasts)
 23319 | Lair:3   | Reached ***** piety under Dithmenos
 23340 | Lair:3   | You fall into a shaft and drop 2 floors!
 23340 | Lair:5   | Found a staircase to the Slime Pits.
 23438 | Lair:5   | You fall into a shaft and drop 1 floor!
 23438 | Lair:6   | Entered Level 6 of the Lair of Beasts
 24356 | Lair:4   | Noticed a five-headed hydra
 24626 | Lair:4   | Killed a five-headed hydra
 25503 | Lair:4   | Noticed a seven-headed hydra
 25801 | Lair:4   | Killed a seven-headed hydra
 26138 | Lair:4   | Noticed an entropy weaver
 26224 | Lair:4   | Killed an entropy weaver
 26224 | Lair:4   | Reached XP level 13. HP: 65/65 MP: 26/26
 26393 | Lair:4   | Noticed an entropy weaver
 26501 | Lair:3   | Reached skill level 12 in Stealth
 26941 | Lair:3   | Killed an entropy weaver
 26941 | Lair:3   | Reached skill level 10 in Dodging
 28063 | Lair:5   | Noticed Snorg
 28069 | Lair:5   | Killed Snorg
 28069 | Lair:5   | Reached skill level 10 in Short Blades
 30671 | Lair:6   | Reached skill level 5 in Translocations
 31438 | Lair:6   | Reached ****** piety under Dithmenos
 32952 | Lair:6   | Reached skill level 10 in Spellcasting
 33144 | Lair:6   | Reached XP level 14. HP: 64/70 MP: 29/29
 34003 | Lair:6   | Reached skill level 5 in Hexes
 35063 | Orc:1    | Entered Level 1 of the Orcish Mines
 35168 | Orc:2    | Entered Level 2 of the Orcish Mines
 35899 | Orc:2    | Noticed a stone giant
 36044 | Orc:2    | Killed a stone giant
 36383 | Orc:1    | Noticed Jorgrun
 36493 | Orc:1    | Found a burning altar of Makhleb.
 36494 | Orc:1    | Noticed Fannar
 36731 | Orc:2    | Reached skill level 13 in Stealth
 37846 | Orc:2    | Found Rucewn's Gadget Shop.
 37846 | Orc:2    | Found Xumun's Gadget Emporium.
 37847 | Orc:2    | Found Bechikk's Book Shoppe.
 37847 | Orc:2    | Found Jocwu's Magic Scroll Shop.
 38444 | Orc:2    | Found a staircase to the Elven Halls.
 38828 | Orc:2    | Reached skill level 5 in Invocations
 39040 | Orc:2    | Found a roughly hewn altar of Beogh.
 39219 | Orc:2    | Learned a level 7 spell: Spellforged Servitor
 40452 | D:12     | Reached XP level 15. HP: 75/75 MP: 31/31
 41587 | D:13     | Noticed Erolcha
 41599 | D:13     | Killed Erolcha
 43184 | D:14     | Found a gate to the Vaults.
 43438 | D:14     | Found a frozen archway.
 43449 | IceCv    | Entered an ice cave
 44608 | IceCv    | Noticed a frost giant
 44642 | IceCv    | Killed a frost giant
 44949 | IceCv    | Got a steaming wooden ring
 44950 | IceCv    | Identified the ring of Youthful Indiscretion {rC+ Dex+4}
                  | (You found it in an ice cave)
 45798 | D:15     | Entered Level 15 of the Dungeon
 46002 | D:15     | Noticed Agnes
 46056 | D:15     | Mangled by Agnes

Illustrated notes

Levels and vault maps discovered:
D:1:      psy_arrival_dodecagon, layout_loops_ring
D:2:      layout_basic, lemuel_round_altar, uniq_jessica
D:3:      layout_rooms
D:4:      layout_gridville, first_ration
D:5:      layout_gridville
D:6:      layout_rooms, minmay_temple_entry_wispy, serial_shops, shop_fountains
D:7:      layout_gridville
D:8:      layout_gridville, lair_entry_dummy
D:9:      layout_roguey, grunt_pizzeria
D:10:     layout_stronghold, zombieorc2_lemuel, minivault_16
D:11:     layout_rooms, gammafunk_ghost_grave, minmay_statue_bubble
D:12:     kennysheep_room_grid, layout_small_grid, kennysheep_generic_room_2
D:13:     layout_loops_cross, uniq_erolcha
D:14:     layout_roguey, david_vaults_1, portal_ice_cave_demonic_guard,
          nicolae_wwwww, grunt_ministairs_14
D:15:     hangedman_depths_entry_civil_slaughter, layout_stronghold,
          nicolae_water_bricks, uniq_agnes
Temple:   minmay_crystal_snake_temple
Lair:1:   beast_lair_carwin_large_3, layout_cave_pods,
          grunt_forest_large_clearing_hut, infiniplex_staircase_pool_2,
          serial_bayou_shore_b, grunt_megastairs_3
Lair:2:   layout_regular_city, minmay_snake_entry_guardpost_large, uniq_sonja,
          uniq_harold, uniq_urug
Lair:3:   layout_long_grid, minmay_swamp_entry_worms, grunt_megastairs_4
Lair:4:   layout_regular_city, zaba_antful_of_joy, serial_bayou_shore_a,
          lemuel_fruit_tree, minmay_lair_oklob_chamber
Lair:5:   layout_concentric_octagons, minmay_slime_entry_oklob_open, uniq_snorg
Lair:6:   hangedman_lair_caniforms_friends, layout_layer_cave,
          nicolae_quartered_pool_super, kennysheep_abandoned_house
Orc:1:    layout_diamond_mine, basic_altar, uniq_fannar, uniq_jorgrun
Orc:2:    st_orc_ogre_mass, layout_caves, minmay_orc_temple_b

Skill      XL: |  1  2  3  4  5  6  7  8  9 10 11 12 13 14 15 |
---------------+----------------------------------------------+-----
Stealth        | 6 7 8 9 10 11 12 13 | 13.9
Dodging        | 2 3 4 5 6 7 8 9 10 11 12 | 12.1
Short Blades   | 3 4 5 6 7 8 9 10 12 | 12.0
Fighting       | 2 3 4 5 6 7 |  7.6
Throwing       | 3 4 5 6 7 8 9 |  9.0
Spellcasting   | 2 4 5 7 8 10 11 12 | 12.0
Earth Magic    | 1 3 4 5 6 8 9 |  9.7
Conjurations   | 1 2 3 4 5 6 7 8 |  8.1
Evocations     | 2 3 4 |  4.0
Invocations    | 2 4 5 |  5.9
Charms         | 3 5 6 |  6.0
Fire Magic     | 2 |  2.0
Translocations | 1 4 5 6 |  6.0
Hexes          | 1 4 6 |  6.0

Action                   |  1- 3 |  4- 6 |  7- 9 | 10-12 | 13-15 || total
-------------------------+-------+-------+-------+-------+-------++-------
Melee: Dagger            |    76 |   172 |   165 |   120 |  1318 ||  1851
       Short sword       |       |    54 |   354 |   799 |  1736 ||  2943
       Rapier            |       |       |       |       |   155 ||   155
Throw: Dart              |     4 |    34 |    45 |   150 |   319 ||   552
       Boomerang         |       |    38 |    16 |    37 |    34 ||   125
       Stone             |       |    34 |    22 |   816 |   624 ||  1496
       Throwing net      |       |       |       |       |     2 ||     2
 Cast: Infusion          |       |       |       |    19 |    57 ||    76
       Portal Projectile |       |       |       |     2 |     1 ||     3
Evoke: Wand              |       |       |       |    10 |    12 ||    22
  Use: Scroll            |       |     8 |    15 |     9 |     7 ||    39
       Potion            |       |       |       |       |     1 ||     1
 Stab: Sleeping          |    13 |     6 |    21 |    51 |    92 ||   183
       Distracted        |       |     1 |       |     5 |    19 ||    25
       Invisible         |       |       |       |     2 |     2 ||     4
       Held in net/web   |       |       |       |       |     2 ||     2
  Eat: Ration            |       |     1 |     3 |     7 |    13 ||    24
Armor: Robe              |    14 |    13 |    16 |     8 |       ||    51
       Steam dragon scal |       |       |       |    29 |     1 ||    30
       Troll leather arm |       |       |       |       |   148 ||   148
Dodge: Dodged            |    31 |   158 |   340 |   547 |  2140 ||  3216
